 Dungeon Crawl Stone Soup version 0.31.0-9-g3a7656b989 (webtiles) character file.

Game seed: 1748725050455771921

66 blundermoth the Magician (level 3, -1/19 HPs)
             Began as a Deep Elf Hedge Wizard on Jan 24, 2024.
             Slain by Natasha the ribbon worm (5 damage)
             ... on level 2 of the Dungeon.
             The game lasted 00:24:13 (1525 turns).

blundermoth the Magician (Deep Elf Hedge Wizard)    Turns: 1525, Time: 00:24:14

Health: -1/19      AC:  4    Str:  7    XL:     3   Next: 96%
Magic:  9/11       EV: 13    Int: 20    God:
Gold:   48         SH:  0    Dex: 14    Spells: 10/11 levels left

rFire   . . .        m - +0 short sword
rCold   . . .        (no shield)
rNeg    . . .        b - +0 robe
rPois   .            c - +0 hat
rElec   .            (no cloak)
rCorr   .            i - +0 pair of gloves
SInv    .            g - +0 pair of boots
Will    .....        (no amulet)
Stlth   ++           (no ring)
HPRegen 0.23/turn    (no ring)
MPRegen 0.12/turn

%: no passive effects
@: no status effects
A: no striking features
a: no special abilities


You were on level 2 of the Dungeon.
You visited 1 branch of the dungeon, and saw 2 of its levels.

You collected 48 gold pieces.

Inventory:

Hand Weapons
 a - a +0 dagger
 e - a +0 whip
 m - a +0 short sword (weapon)
Missiles
 d - 5 boomerangs
 f - 17 stones
Armour
 b - a +0 robe (worn)
 c - a +0 hat (worn)
 g - a +0 pair of boots (worn)
 i - a +0 pair of gloves (worn)
Jewellery
 p - an amulet of reflection
Wands
 o - a wand of polymorph (5)
Scrolls
 h - a scroll of identify
 l - a scroll of teleportation
Potions
 j - a potion of resistance
 k - a potion of brilliance {unknown}
 n - 2 potions of might


   Skills:
 + Level 0.6 Short Blades
 + Level 3.1 Dodging
 + Level 3.3 Stealth
 + Level 4.8 Spellcasting
 + Level 2.0 Conjurations
 - Level 1.5 Summonings
 - Level 1.5 Translocations


You had 10 spell levels left.
You knew the following spells:

 Your Spells              Type           Power      Damage    Failure   Level
a - Magic Dart            Conj           52%        1d5       4%          1

Your spell library contained the following spells:

 Spells                   Type           Power      Damage    Failure   Level
 Blink                    Tloc           22%        N/A       10%         2
 Call Imp                 Summ           22%        N/A       10%         2
 Slow                     Hex            16%        N/A       12%         1
 Cigotuvi's Dreadful Rot  Necr/Alch/Air  8%         N/A       19%         2
 Mephitic Cloud           Conj/Alch/Air  7%         N/A       26%         3


Dungeon Overview and Level Annotations

Branches:
Dungeon (2/15)

Altars:

Annotations:
D:2 Natasha


Message History

Natasha closely misses you.
You closely miss Natasha.
Natasha is lightly wounded.
You closely miss Natasha.
Natasha is lightly wounded.
Natasha claws you.
You hit Natasha.
Natasha is heavily wounded.
Natasha claws you.
You hit Natasha but do no damage.
Natasha is heavily wounded.
Natasha completely misses you.
You hit Natasha.
Natasha is severely wounded.
Natasha claws you.
* * * LOW HITPOINT WARNING * * *
Aiming: Magic Dart (safe; 4% risk of failure)
Press: ? - help, Q - select action, (/) - cycle Shift-Dir - straight line, f/p - Natasha
Aim: Natasha (severely wounded, 100% to hit)
The magic dart hits Natasha but does no damage.
Natasha is severely wounded.
Natasha barely misses you.
Aiming: Polymorph
Press: ? - help, Q - select action, (/) - cycle Shift-Dir - straight line, f/p - Natasha
Aim: Natasha (severely wounded, will become a ribbon worm, an iguana, or a scorpion, chance to affect: 49%) Natasha evaporates and reforms as a ribbon worm!
Natasha attacks as it pursues you! Natasha barely misses you.
Aiming: Magic Dart (safe; 4% risk of failure)
Press: ? - help, Q - select action, (/) - cycle Shift-Dir - straight line, f/p - Natasha
Aim: Natasha the ribbon worm (heavily wounded, 100% to hit)
The magic dart hits Natasha.
Natasha is heavily wounded.
Natasha barely misses you.
You hit Natasha.
Natasha is heavily wounded.
Unknown command.
You hit Natasha.
Natasha is severely wounded.
Natasha bites you.
You die...

.###
.....
#...####
#....#
#...##.#
### ###
#w# ..
#@# #
#.#
#.##.
##.##
.....
##.#[##
####.
#.###.#
# #
#..#.##
.#####
#.#.## #
... ..#
#.### #
#.# #.#
#.#


You could see Natasha the ribbon worm.

Vanquished Creatures
  Jessica (D:2)
  6 ball pythons
  4 endoplasms
  3 giant cockroaches (D:1)
  2 goblins (D:1)
  2 hobgoblins (D:1)
  5 jackals (D:1)
  A quokka (D:1)
  3 bats
  3 frilled lizards
  5 kobolds
  4 rats
39 creatures vanquished.

Notes
Turn   | Place    | Note
-------+----------+-------------------------------------------
     0 | D:1      | blundermoth the Deep Elf Hedge Wizard began the quest for
                  | the Orb.
     0 | D:1      | Reached XP level 1. HP: 10/10 MP: 7/7
   274 | D:1      | Reached XP level 2. HP: 15/15 MP: 5/9
   779 | D:1      | Reached XP level 3. HP: 19/19 MP: 11/11
  1376 | D:2      | Noticed Jessica
  1389 | D:2      | Killed Jessica
  1509 | D:2      | Noticed Natasha
  1519 | D:2      | Natasha changed into Natasha the ribbon worm
  1519 | D:2      | Noticed Natasha
  1525 | D:2      | Slain by Natasha the ribbon worm

Illustrated notes

Levels and vault maps discovered:
D:1:      tarquinn_simple_flora_water_b, layout_loops_corners
D:2:      layout_loops_cross, uniq_jessica, uniq_natasha

Skill      XL: |  1  2  3 |
---------------+----------+-----
Stealth        | 3 |  3.3
Dodging        | 3 |  3.1
Conjurations   | 2 |  2.0
Short Blades   | |  0.6
Spellcasting   | |  4.8
Summonings     | |  1.5
Translocations | |  1.5

Action                     || total
---------------------------++-------
  Melee: Dagger            ||    75
         Short sword       ||    16
  Throw: Boomerang         ||     3
   Cast: Magic Dart        ||    53
  Evoke: Wand              ||     1
    Use: Potion            ||     1
         Scroll            ||     3
   Stab: Sleeping          ||     4
 Armour: Robe              ||    56
  Dodge: Dodged            ||    55
